 Dungeon Crawl Stone Soup version 0.26.0-10-g1f06aea511 (webtiles) character file.

Game seed: 9697818923600152996

84 Borgoz the Slasher (level 4, -6/38 HPs)
             Began as a Ghoul Gladiator on Jan 18, 2021.
             Mangled by Grinder (9 damage)
             ... while paralysed by Grinder
             ... on level 2 of the Dungeon.
             The game lasted 00:02:24 (2755 turns).

Borgoz the Slasher (Ghoul Gladiator)                Turns: 2755, Time: 00:02:25

Health: -6/38      AC:  4    Str: 17    XL:     4   Next: 45%
Magic:  3/3        EV:  2    Int:  3    God:
Gold:   151        SH:  0    Dex: 11    Spells: 3/3 levels left

rFire    . . .     SeeInvis .   a - +0 long sword
rCold    + . .     Faith    .   (no shield)
rNeg     + + +     Spirit   .   b - +0 leather armour
rPois    ∞         Reflect  .   c - +0 helmet
rElec    .         Harm     .   (no cloak)
rCorr    .         Rampage  .   (no gloves)
Will     +....                  (no boots)
Stlth    +.........             f - amulet of the acrobat
HPRegen  0.00/turn              n - ring of willpower
MPRegen  0.08/turn              (no ring)

@: paralysed
A: claws 1, cold resistance 1, negative energy resistance 3, inhibited
regeneration, torment resistance, unbreathing
a: no special abilities


You were on level 2 of the Dungeon.
You visited 1 branch of the dungeon, and saw 3 of its levels.

You collected 151 gold pieces.

Inventory:

Hand Weapons
 a - a +0 long sword (weapon)
Armour
 b - a +0 leather armour (worn)
 c - a +0 helmet (worn)
Jewellery
 f - an amulet of the acrobat (around neck)
 n - a ring of willpower (left claw)
 o - an uncursed amulet of regeneration
Scrolls
 e - 4 scrolls of remove curse {unknown}
 g - 2 scrolls of fear {unknown}
 i - 2 scrolls of magic mapping {unknown}
 k - 2 scrolls of fog {unknown}
 l - 5 scrolls of identify {unknown}
 p - a scroll of teleportation {unknown}
Potions
 j - a potion of flight {unknown}
 q - a potion of resistance {unknown}
 r - a potion of ambrosia {unknown}


   Skills:
 + Level 3.1 Fighting
 * Level 3.8 Long Blades
 - Level 1.7 Throwing
 + Level 3.3 Dodging


You had 3 spell levels left.
You didn't know any spells.
Your spell library was empty.

Dungeon Overview and Level Annotations

Branches:
Dungeon (3/15)

Altars:
Vehumet

Annotations:
D:2 Grinder


Innate Abilities, Weirdness & Mutations

You thrive by killing the living.
You are immune to poison.
You have sharp fingernails.
Your flesh is cold resistant. (rC+)
You are immune to negative energy. (rN+++)
You do not regenerate when monsters are visible.
You are immune to unholy pain and torment.
You can survive without breathing.


Message History

You throw a throwing net. The throwing net barely misses Grinder.
You closely miss Grinder.
Grinder is severely wounded.
Grinder hits you!
* * * LOW HITPOINT WARNING * * *
You closely miss Grinder.
Grinder is severely wounded.
Grinder hits you.
* * * LOW HITPOINT WARNING * * *
Grinder hits you.
* * * LOW HITPOINT WARNING * * *
It was a potion of magic.
Magic courses through your body. Grinder gestures at you.
You suddenly lose the ability to move!
Grinder hits you but does no damage. Grinder gestures at you.
You easily resist.
Grinder says, "Mostly I couldn't keep them alive."
Grinder hits you!
You die...

#.# #.# ###.##.###.....♣...###.
#.###.# #.....(.#...♣.♣.P.♣.#.#
#..##.# #.#.##..#..♣♣♣♣♣♣P.....
##.##.# #.#..........P♣♣.♣....#
#.##.# #.#......#...P♣P...###.
##.##.# #.##<#...##...♣....####
......# ♣.♣#.#........♣.....###
#...#######.##..5..###...P.....#♣
..........♣.♣..>@............(.'.
#...#.#####.###....###.........#♣
##....# ♣.♣###.#.# ##.......###
###.## #.##.###.# ##.....## ♣ #.#
♣.♣......# ##...## # #.#
#....##### ##'## ♣ # #.# ####.#
#.# # # #.# #.# ###.###### # #.#
#.#########........#


You could see Grinder.

Vanquished Creatures
  4 adders (D:2)
  2 worms (D:2)
  2 dart slugs
  2 giant cockroaches (D:1)
  8 goblins
  2 hobgoblins (D:2)
  2 jackals (D:2)
  A quokka (D:2)
  8 bats
  3 frilled lizards
  A kobold (D:1)
  6 rats
41 creatures vanquished.

Vanquished Creatures (others)
  12 plants (D:2)
12 creatures vanquished.

Grand Total: 53 creatures vanquished

Notes
Turn   | Place    | Note
-------+----------+-------------------------------------------
     0 | D:1      | Borgoz the Ghoul Gladiator began the quest for the Orb.
     0 | D:1      | Reached XP level 1. HP: 17/17 MP: 0/0
    65 | D:1      | You fall into a shaft and drop 1 floor!
    65 | D:2      | Found a faded altar of an unknown god.
   296 | D:2      | Reached XP level 2. HP: 21/25 MP: 1/1
   439 | D:2      | Found a radiant altar of Vehumet.
   881 | D:2      | Reached XP level 3. HP: 24/30 MP: 2/2
  1970 | D:1      | Reached XP level 4. HP: 37/37 MP: 3/3
  2716 | D:3      | Noticed Grinder
  2734 | D:2      | Paralysed by Grinder for 2 turns
  2752 | D:2      | Paralysed by Grinder for 4 turns
  2755 | D:2      | Mangled by Grinder

Illustrated notes

Levels and vault maps discovered:
D:1:      amcnicky_arrival_wind_blow, layout_basic
D:2:      layout_loops_corners, nicolae_overflow_crystal_walls, serial_forest,
          infiniplex_forest_lined_2, infiniplex_forest_zigzag_1,
          infiniplex_forest_lined_room_2, infiniplex_forest_clump_small,
          infiniplex_forest_clump_large, infiniplex_forest_clump_cross,
          infiniplex_forest_straight_4, infiniplex_forest_end_2,
          infiniplex_forest_diagonal, infiniplex_forest_corner_1,
          chequers_ecumenical_altar_simple
D:3:      layout_rooms, uniq_crazy_yiuf_cottage, uniq_natasha, uniq_grinder

Skill      XL: |  1  2  3  4 |
---------------+-------------+-----
Long Blades    | 3 |  3.8
Dodging        | 3 |  3.3
Fighting       | 3 |  3.1
Throwing       | |  1.7

Action                   |  1- 3 |  4- 6 || total
-------------------------+-------+-------++-------
Melee: Long sword        |    98 |    40 ||   138
Throw: Throwing net      |       |     4 ||     4
  Use: Potion            |       |     5 ||     5
Armor: Leather armour    |    29 |    11 ||    40
Dodge: Dodged            |    81 |    27 ||   108
       Rpst.: Long sword |    22 |     9 ||    31
